 Dungeon Crawl Stone Soup version 0.27.1-35-g4d5d836560 (webtiles) character file.

Game seed: 15283761681597490017

11868 cbfl8 the Protected (level 11, 0/148 HPs)
             Began as a Minotaur Delver on Apr 19, 2022.
             Was a Believer of Yredelemnul.
             Succumbed to a cane toad's poison
             ... on level 8 of the Dungeon on Apr 20, 2022.
             The game lasted 00:39:37 (18029 turns).

cbfl8 the Protected (Minotaur Delver)              Turns: 18029, Time: 00:39:38

Health: 0/148      AC: 25    Str: 25    XL:     11   Next: 55%
Magic:  13/13      EV:  2    Int:  7    God:    Yredelemnul [**....]
Gold:   970        SH:  0    Dex: 12    Spells: 10/10 levels left

rFire    . . .     SeeInvis .   i - +0 mace "Ugothosh" {spect, rN+ Str+5 Stlth-}
rCold    . . .     Faith    .   (no shield)
rNeg     + + +     Spirit   .   (armour currently unavailable)
rPois    +         Reflect  .   (helmet currently unavailable)
rElec    .         Harm     .   (cloak currently unavailable)
rCorr    +         Rampage  .   (gloves currently unavailable)
Will     +....     NoTele   +   (boots currently unavailable)
Stlth    ++........             (no amulet)
HPRegen  0.34/turn              G - ring of resist corrosion
MPRegen  0.13/turn              k - ring of willpower

@: lethally poisoned (0 -> -9), tree-form, attractive
A: stationary, stasis, torment immunity, boosted hp, (horns 2), (retaliatory
headbutt)
a: Renounce Religion, Animate Remains, Recall Undead Slaves, Injury Mirror


You were on level 8 of the Dungeon.
You worshipped Yredelemnul.
Yredelemnul was pleased with you.
You were a tree.
You visited 3 branches of the dungeon, and saw 13 of its levels.
You also visited: Sewer.

You collected 1138 gold pieces.
You spent 168 gold pieces at shops.

Inventory:

Hand Weapons
 a - a +0 falchion
 i - the +0 mace "Ugothosh" (weapon) {spect, rN+ Str+5 Stlth-}
   (You found it on level 5 of the Dungeon)

   When its wielder attacks, the weapon's spirit leaps out and strikes again.
   The spirit shares a part of any damage it takes with its wielder.
   Str:       It affects your strength (+5).
   rN:        It protects you from negative energy.
   Stlth:     It makes you less stealthy.
 m - the +10 shortbow of Sharkskin {vorpal, rN+ Int+3}
   (You found it on level 9 of the Dungeon)

   Any ammunition fired from it inflicts extra damage upon your enemies.
   Int:       It affects your intelligence (+3).
   rN:        It protects you from negative energy.
Missiles
 p - 91 arrows
Armour
 b - a +0 leather armour
 t - a +0 plate armour (melded)
 u - the +1 pair of gloves of Hedge Wizardry (melded) {Fly rElec Str-3 Int+3 Stlth-}
   (You acquired it on level 11 of the Dungeon)

   Str:       It affects your strength (-3).
   Int:       It affects your intelligence (+3).
   rElec:     It insulates you from electricity.
   Fly:       It grants you flight.
   Stlth:     It makes you less stealthy.
 z - a +0 ring mail
 B - a +1 chain mail
 H - a +2 pair of gloves
Jewellery
 k - a ring of willpower (right branch)
 y - a ring of fire
 G - a ring of resist corrosion (left branch)
Wands
 f - a wand of mindburst (48) (quivered)
 g - a wand of digging (3)
 l - a wand of acid (4)
 q - a wand of flame (24)
 s - a wand of paralysis (9)
 C - a wand of iceblast (11)
Scrolls
 c - 3 scrolls of fog
 e - 3 scrolls of amnesia
 h - 2 scrolls of noise
 j - a scroll of teleportation
 n - a scroll of enchant armour
 r - a scroll of brand weapon
 w - a scroll of holy word
 A - 2 scrolls of magic mapping
 D - 5 scrolls of immolation
 J - a scroll of enchant weapon {unknown}
Potions
 x - a potion of haste
 E - a potion of cancellation
 I - a potion of mutation {unknown}


   Skills:
 + Level 10.0 Fighting
 + Level 2.7 Long Blades
 + Level 11.3 Maces & Flails
 + Level 11.8 Armour
 + Level 6.1 Dodging
 + Level 7.0 Stealth
 + Level 4.0 Invocations
 + Level 1.3 Evocations


You had 10 spell levels left.
You didn't know any spells.
Your spell library contained the following spells:

 Spells                   Type           Power      Damage    Failure   Level
 Sandblast                Erth           0%         2d4       43%         1
 Corpse Rot               Necr/Air       N/A        N/A       56%         2
 Passwall                 Tmut/Erth      0%         N/A       56%         2
 Poisonous Vapours        Pois/Air       0%         N/A       56%         2
 Sublimation of Blood     Necr           0%         N/A       56%         2
 Wereblood                Tmut           0%         N/A       56%         2
 Swiftness                Air            0%         N/A       80%         3
 Animate Dead             Necr           0%         N/A       99%         4
 Fulminant Prism          Conj/Hex       0%         3d6       99%         4
 Iskenderun's Mystic Bla  Conj/Tloc      0%         2d3       99%         4
 Freezing Cloud           Conj/Ice/Air   0%         6-21      100%        5
 Lee's Rapid Deconstruct  Erth           0%         3d5*      100%        5
 Invisibility             Hex            0%         N/A       100%        6
 Haunt                    Necr/Summ      0%         N/A       100%        7
 Summon Hydra             Summ           0%         N/A       100%        7
 Infestation              Necr           0%         N/A       100%        8


Dungeon Overview and Level Annotations

Branches:
Dungeon (11/15)            Temple (1/1) D:7            Lair (1/6) D:8
    Orc (0/2) D:10          Sewer (visited)

Altars:
Ashenzari
Cheibriados
Dithmenos
Elyvilon
Fedhas
Gozag
Hepliaklqana
Kikubaaqudgha
Makhleb
Nemelex Xobeh
Okawaru
Qazlal
Ru
Sif Muna
Trog
Uskayaw
Vehumet
Wu Jian
Xom
Yredelemnul
Zin
The Shining One

Shops:
D:4 *   D:6 (

Annotations:
D:4 Menkaure


Innate Abilities, Weirdness & Mutations

You are a tree.
Your roots penetrate the ground, keeping you stationary.
You cannot be teleported.
You are immune to unholy pain and torment.
Your maximum health is greatly increased.
Your equipment is partially melded.
((You have a pair of horns on your head.))
((You reflexively headbutt those who attack you in melee.))


Message History

Your +0 mace "Ugothosh" {spect, rN+ Str+5 Stlth-} hits the cane toad!
You feel very sick. The cane toad stings you!
You are lethally poisoned!
The cane toad poisons you!
You hit the cane toad but do no damage. Your headbutt misses the cane toad.
The cane toad is severely wounded.
Your +0 mace "Ugothosh" {spect, rN+ Str+5 Stlth-} hits the cane toad!
You feel extremely sick. The cane toad stings you.
* * * LOW HITPOINT WARNING * * *
You barely miss the cane toad.
The cane toad is almost dead.
Your +0 mace "Ugothosh" {spect, rN+ Str+5 Stlth-} hits the cane toad.
You kill the cane toad!
Yredelemnul accepts your kill.
* * * LOW HITPOINT WARNING * * *
You feel very sick.
* * * LOW HITPOINT WARNING * * *
You feel extremely sick.
You fly upwards.
Welcome back to the Dungeon!
* * * LOW HITPOINT WARNING * * *
You feel extremely sick.
There is a staircase to the Lair here.
There is a lethal amount of poison in your body!
There is a lethal amount of poison in your body!
Drinking this now will have no effect.
It was a potion of attraction.
You feel attractive to monsters.
* * * LOW HITPOINT WARNING * * *
You feel very sick.
It was a potion of lignification.
You turn into a tree.
The +1 pair of gloves of Hedge Wizardry {Fly rElec Str-3 Int+3 Stlth-} melds into your body.
Your +0 plate armour melds into your body.
You float gracefully downwards.
Your roots penetrate the ground.
* * * LOW HITPOINT WARNING * * *
You feel very sick.
It was a potion of flight.
Your roots keep you in place.
You die...
Your body rises from the dead as a mindless zombie.

)#.....##......≈.≈....≈..#.#.#
.#.....##.≈..≈.≈....≈≈...#.#.#
(#.)...##.≈....≈≈.≈≈≈....#.#.#
(#.....##..≈≈.≈.≈≈≈≈≈....#.#.#
.'.)...#....≈≈≈≈≈≈≈≈≈≈.≈...#.##
##)[...#....≈≈≈≈≈≈≈≈≈≈≈≈.#....#
###.###..≈≈≈≈.≈.≈.≈≈≈≈≈.#.#..#
####.###...≈≈≈....≈≈≈≈≈≈.#.####
..........≈≈≈.≈.♣.≈≈≈≈≈≈......#
.....(###.≈.≈......≈≈≈≈≈.####.#
......# #..≈≈≈....≈≈≈≈≈≈....#.#
..##### #..≈≈≈.≈..≈≈≈≈≈.###.#.###
...[>.# #...)≈≈≈..≈≈≈≈......#...#
..Z##.# #..)≈≈≈≈.≈≈.≈≈.^.#..#.#.#
...##.###..≈≈≈≈≈.≈≈≈..).........#
...##......≈)≈≈≈.≈≈≈≈)).#########
..###.....≈.≈≈.≈.≈≈≈≈≈≈..........


There were no monsters in sight!

Vanquished Creatures
  Erica (D:9)
  A centaur warrior (D:10)
  2 two-headed ogres (D:10)
  A cane toad (Lair:1)
  An efreet (D:11)
  A kobold demonologist (D:11)
  2 trolls
  Prince Ribbit (D:8)
  A shadow (D:10)
  A vampire (D:9)
  A wyvern (D:10)
  A wraith (D:10)
  11 yaks
  A steam dragon (D:8)
  2 water moccasins
  An acid dragon (D:6)
  A meliai simulacrum (D:11)
  3 orc warriors
  A sky beast (D:8)
  2 ice beasts (D:6)
  2 black bears
  A necrophage (D:5)
  4 wolves (D:8)
  6 centaurs
  2 ogres
  A phantom (D:5)
  6 kobold brigands
  5 bullfrogs
  A wyvern zombie (D:8)
  2 gnoll sergeants
  2 scorpions
  A water moccasin skeleton (D:5)
  9 killer bees
  5 wights
  5 howler monkeys
  6 electric eels (D:8)
  A centaur zombie (D:5)
  A bullfrog zombie (D:6)
  2 centaur skeletons
  4 hounds
  2 gnoll shamans (D:6)
  3 orc priests
  A bullfrog skeleton (D:4)
  2 jellies
  5 orc wizards
  Ijyb (D:4)
  5 iguanas
  Natasha (D:2)
  A killer bee zombie (D:6)
  A hound zombie (D:5)
  3 howler monkey zombies
  11 gnolls
  7 adders
  3 river rats (Sewer)
  A shadow imp (D:6)
  2 white imps
  An ufetubus (D:4)
  8 worms
  4 dart slugs
  36 orcs
  7 bats
  5 endoplasms
  8 giant cockroaches
  7 goblins
  11 hobgoblins
  4 jackals (D:1)
  7 quokkas
  A yak zombie (D:8)
  7 ball pythons
  2 frilled lizards (D:1)
  21 kobolds
  A kobold skeleton (D:8)
  6 rats
287 creatures vanquished.

Vanquished Creatures (collateral kills)
  A vampire (D:10)
  An orc warrior (D:10)
  A gnoll sergeant (D:10)
  A killer bee (D:10)
  An orc (D:10)
5 creatures vanquished.

Vanquished Creatures (others)
  2 two-headed ogre zombies (D:10)
  A human zombie (D:8)
  4 yak zombies
  An electric eel zombie (D:8)
  2 gnoll zombies (D:10)
  A hound skeleton (D:8)
  3 howler monkey zombies (D:10)
  A killer bee zombie (D:9)
  4 kobold skeletons (D:8)
  An orc zombie (D:10)
  A troll skeleton (D:8)
  9 fungi (D:5)
  3 plants
  3 toadstools (D:5)
36 creatures vanquished.

Grand Total: 328 creatures vanquished

Notes
Turn   | Place    | Note
-------+----------+-------------------------------------------
     0 | D:5      | cbfl8 the Minotaur Delver began the quest for the Orb.
     0 | D:5      | Reached XP level 1. HP: 19/19 MP: 0/0
    15 | D:5      | Found a shimmering altar of Xom.
    18 | D:5      | Found a shimmering altar of Xom.
    18 | D:5      | Found a shimmering altar of Xom.
    20 | D:5      | Found a shimmering altar of Xom.
    21 | D:5      | Found a shimmering altar of Xom.
    22 | D:5      | Found a shimmering altar of Xom.
    24 | D:5      | Found a shimmering altar of Xom.
    25 | D:5      | Found a shimmering altar of Xom.
    28 | D:5      | Noticed a centaur
    31 | D:5      | Identified the +0 mace "Ugothosh" {spect, rN+ Str+5 Stlth-}
    60 | D:5      | Noticed a necrophage
    66 | D:5      | Killed a necrophage
    67 | D:5      | Reached skill level 5 in Stealth
    67 | D:5      | Reached XP level 2. HP: 21/27 MP: 1/1
    67 | D:5      | Reached XP level 3. HP: 26/33 MP: 2/2
    67 | D:5      | Reached XP level 4. HP: 31/40 MP: 3/3
   118 | D:5      | Found a blossoming altar of Fedhas.
   209 | D:4      | Found a glowing drain.
   448 | Sewer    | Entered a sewer
   546 | Sewer    | Noticed a kobold brigand
   554 | Sewer    | Killed a kobold brigand
   555 | Sewer    | Reached XP level 5. HP: 36/47 MP: 4/4
   770 | Sewer    | Reached skill level 1 in Armour
   851 | Sewer    | Reached skill level 1 in Maces & Flails
  1072 | Sewer    | Reached XP level 6. HP: 43/53 MP: 5/5
  1877 | Sewer    | Reached skill level 5 in Fighting
  2015 | Sewer    | Reached XP level 7. HP: 53/61 MP: 6/6
  2163 | D:4      | Noticed Menkaure
  2164 | D:4      | Found Ricuory's General Store.
  3222 | D:4      | Noticed Ijyb
  3229 | D:4      | Killed Ijyb
  3500 | D:4      | Reached XP level 8. HP: 69/70 MP: 7/7
  4321 | D:2      | Noticed Natasha
  4329 | D:2      | Killed Natasha
  4644 | D:1      | Reached skill level 5 in Maces & Flails
  5542 | D:3      | Found a sacrificial altar of Ru.
  5912 | D:3      | Found a hazy altar of Hepliaklqana.
  6082 | D:3      | Found a hide-covered altar of Uskayaw.
  6197 | D:4      | Bought a potion of heal wounds for 70 gold pieces
  6197 | D:4      | Bought a potion of berserk rage for 70 gold pieces
  6197 | D:4      | Bought a scroll of identify for 28 gold pieces
  6214 | D:4      | Found a sparkling altar of Nemelex Xobeh.
  6258 | D:4      | Reached skill level 5 in Armour
  7557 | D:6      | Found Rosaluze's Hydra Hut.
  7654 | D:6      | Noticed a four-headed hydra
  7688 | D:6      | Reached skill level 5 in Dodging
  7708 | D:6      | Reached XP level 9. HP: 48/78 MP: 8/8
  8875 | D:6      | Noticed a troll
  8884 | D:6      | Killed a troll
  9057 | D:7      | Found a staircase to the Ecumenical Temple.
  9082 | Temple   | Entered the Ecumenical Temple
  9158 | Temple   | Became a worshipper of Yredelemnul the Dark
  9571 | D:7      | Identified the +5 quarterstaff of Uncertain Death {speed,
                  | rN+}
  9906 | D:8      | Reached * piety under Yredelemnul
 10130 | D:8      | Reached XP level 10. HP: 76/89 MP: 9/9
 11396 | D:8      | Noticed Prince Ribbit
 11419 | D:8      | Killed Prince Ribbit
 11912 | D:8      | Reached skill level 10 in Maces & Flails
 11912 | D:8      | Reached skill level 1 in Invocations
 12272 | D:8      | Found a staircase to the Lair.
 12281 | D:8      | Your ally Prince Ribbit died
 12779 | Lair:1   | Entered Level 1 of the Lair of Beasts
 12779 | Lair:1   | Noticed a cane toad
 13074 | D:9      | Identified the +10 shortbow of Sharkskin {vorpal, rN+
                  | Int+3}
 13078 | D:9      | Reached ** piety under Yredelemnul
 13598 | D:9      | Noticed Erica
 13610 | D:9      | Killed Erica
 13611 | D:9      | Reached skill level 10 in Armour
 13611 | D:9      | Reached skill level 1 in Evocations
 14611 | D:10     | Entered Level 10 of the Dungeon
 15383 | D:10     | Noticed a two-headed ogre
 15393 | D:10     | Killed a two-headed ogre
 15394 | D:10     | Reached XP level 11. HP: 97/97 MP: 12/12
 15835 | D:10     | Noticed a two-headed ogre
 15858 | D:10     | Killed a two-headed ogre
 16125 | D:10     | Noticed a centaur warrior
 16131 | D:10     | Killed a centaur warrior
 16325 | D:10     | Found a staircase to the Orcish Mines.
 16349 | D:11     | Identified a scroll of acquirement
 16350 | D:11     | Acquired the +1 pair of gloves of Hedge Wizardry {Fly rElec
                  | Str-3 Int+3 Stlth-}
 16539 | D:11     | Paralysed by a hornet for 1 turns
 16544 | D:11     | Paralysed by a hornet for 2 turns
 16544 | D:11     | Noticed a two-headed ogre
 17410 | D:11     | Noticed a deep elf pyromancer
 17888 | D:11     | Reached skill level 10 in Fighting
 18027 | D:8      | HP: 4/99 [poisoned by a cane toad]
 18029 | D:8      | Succumbed to a cane toad's poison

Illustrated notes

Levels and vault maps discovered:
D:1:      lemuel_arrival_hallway, layout_basic
D:2:      layout_loops_ring, roderic_roman_lattice, kennysheep_boxes,
          uniq_natasha
D:3:      layout_loops_corners, lemuel_round_altar, lemuel_crystal_altar,
          nicolae_ru_sacrificial_ziggurat, minmay_ruptured
D:4:      layout_basic, nemelex_xobeh_ov_fountains_minmay,
          cheibrodos_sewer_entry_bend, serial_shops, shop_statue,
          kennysheep_another_room, minmay_misc_feat_four_crosses, uniq_menkaure,
          uniq_ijyb
D:5:      layout_gridville, lemuel_doored_altar, xom_redecorated,
          serial_bayou_pond_b, minmay_gold_behind_fungi
D:6:      minmay_polygon_palace, layout_basic, minivault_23,
          doesnt_shop_hydraphobe
D:7:      layout_rooms, minmay_temple_entry_glass, wad_floor_pattern_untrapped
D:8:      layout_basic, erik_lair_island, uniq_prince_ribbit1
D:9:      layout_loops_corners, minivault_22, uniq_erica
D:10:     kennysheep_ambush_hall, layout_long_grid,
          kennysheep_orc_monster_closet_entryway
D:11:     minmay_the_grid_octo_tiled_octocenter_mashed
          [minmay_the_grid_octo_checkered, minmay_the_grid_octo_fat_diamond,
          minmay_the_grid_octo_fan_narrow, minmay_the_grid_octo_thin_diamonds,
          minmay_the_grid_octo_prize_star, minmay_the_grid_square_5x5_v,
          minmay_the_grid_square_5x5_n, minmay_the_grid_square_5x5_checkered,
          minmay_the_grid_square_5x5_empty], layout_loops_corners,
          serial_rivers, chequers_serial_rivers_micro_d,
          chequers_serial_rivers_marsh, chequers_serial_rivers_micro_d,
          chequers_serial_rivers_room_b, chequers_serial_rivers_small_b
Temple:   nicolae_temple_x_marks_the_god
Lair:1:   gammafunk_cloud_chamber, layout_cave_shapes

Skill      XL: |  1  2  3  4  5  6  7  8  9 10 11 |
---------------+----------------------------------+-----
Fighting       | 4 5 6 8 9 10 | 10.0
Stealth        | 5 6 7 |  7.0
Armour         | 2 3 4 6 8 10 11 | 11.8
Maces & Flails | 1 2 4 6 9 10 11 | 11.3
Dodging        | 3 4 5 6 |  6.1
Invocations    | 2 4 |  4.0
Evocations     | 1 |  1.3
Long Blades    | |  2.7

Action                   |  1- 3 |  4- 6 |  7- 9 | 10-12 || total
-------------------------+-------+-------+-------+-------++-------
Melee: Mace              |     3 |    85 |   324 |   272 ||   684
       Headbutt          |     2 |     8 |    80 |    85 ||   175
Invok: Animate Remains   |       |       |       |    24 ||    24
Evoke: Wand              |       |       |       |    13 ||    13
  Use: Scroll            |     1 |       |     8 |    12 ||    21
       Potion            |       |       |     3 |    14 ||    17
 Stab: Distracted        |       |     1 |     1 |     2 ||     4
       Sleeping          |       |       |    10 |       ||    10
Armor: Leather armour    |       |    24 |    23 |       ||    47
       Chain mail        |       |       |   121 |    96 ||   217
       Ring mail         |       |       |    11 |       ||    11
       Plate armour      |       |       |       |    46 ||    46
Dodge: Dodged            |     1 |    50 |   203 |   133 ||   387
